 Dungeon Crawl Stone Soup version 0.26-a0-660-gc07710193c (webtiles) character file.

Game seed: 3266199638993627727

53 MrRokkomies the Sneak (level 3, -3/26 HPs)
             Began as a Gnoll Wanderer on Oct 6, 2020.
             Slain by Natasha (8 damage)
             ... on level 2 of the Dungeon.
             The game lasted 00:02:32 (1478 turns).

MrRokkomies the Sneak (Gnoll Wanderer)              Turns: 1478, Time: 00:02:33

Health: -3/26      AC:  5    Str: 14    XL:     3   Next: 87%
Magic:  4/4        EV: 13    Int: 14    God:
Gold:   56         SH:  0    Dex: 15    Spells: 4/4 levels left

rFire    . . .     SeeInvis .   a - +0 spear
rCold    . . .     Faith    .   (no shield)
rNeg     . . .     Spirit   .   c - +0 ring mail
rPois    .         Reflect  .   (no helmet)
rElec    .         Harm     .   (no cloak)
rCorr    .         Rampage  .   (no gloves)
MR       .....                  (no boots)
Stlth    +++.......             (no amulet)
HPRegen  0.08/turn              (no ring)
MPRegen  0.09/turn              (no ring)

@: no status effects
A: distributed training, fangs 1, strong nose
a: no special abilities


You were on level 2 of the Dungeon.
You visited 1 branch of the dungeon, and saw 2 of its levels.

You collected 56 gold pieces.

Inventory:

Hand Weapons
 a - a +0 spear (weapon)
Missiles
 b - 3 throwing nets
 g - 98 stones (quivered)
 i - 14 sling bullets
Armour
 c - a +0 ring mail (worn)
Scrolls
 j - a scroll of identify
 k - a scroll of enchant weapon {unknown}
Potions
 d - a potion of flight {unknown}
 e - a potion of curing {unknown}
 f - a potion of lignification
 h - a potion of magic


   Skills:
 + Level 1.0 Fighting
 + Level 1.0 Short Blades
 + Level 1.0 Long Blades
 + Level 1.0 Axes
 + Level 1.0 Maces & Flails
 + Level 4.6 Polearms
 + Level 1.0 Staves
 + Level 1.0 Slings
 + Level 4.6 Bows
 + Level 1.0 Crossbows
 + Level 1.0 Throwing
 + Level 2.6 Armour
 + Level 4.6 Dodging
 + Level 6.0 Stealth
 + Level 1.0 Shields
 + Level 1.0 Unarmed Combat
 + Level 1.0 Spellcasting
 + Level 0.7 Conjurations
 + Level 0.7 Hexes
 + Level 0.7 Summonings
 + Level 0.7 Necromancy
 + Level 0.7 Translocations
 + Level 0.7 Transmutations
 + Level 0.7 Fire Magic
 + Level 0.7 Ice Magic
 + Level 0.7 Air Magic
 + Level 0.7 Earth Magic
 + Level 0.7 Poison Magic
 + Level 1.0 Invocations
 + Level 1.0 Evocations


You had 4 spell levels left.
You didn't know any spells.
Your spell library was empty.

Dungeon Overview and Level Annotations

Branches:
Dungeon (2/15)

Altars:

Annotations:
D:2 Natasha


Innate Abilities, Weirdness & Mutations

Your experience applies equally to all skills.
You have very sharp teeth.
Your uncanny sense of smell can sniff out nearby items.


Message History

You hit Natasha.
Natasha is heavily wounded.
The white imp hits you but does no damage.
Natasha misses you.
You hit Natasha. Your bite misses Natasha.
Natasha is heavily wounded.
The white imp misses you. Natasha closely misses you.
You hit Natasha but do no damage.
Natasha is heavily wounded.
You hit Natasha.
Natasha is severely wounded.
The white imp closely misses you. Natasha barely misses you.
You closely miss Natasha.
Natasha is severely wounded.
The white imp sputters.
The white imp gestures at you. The puff of frost hits you!
* * * LOW HITPOINT WARNING * * *
Natasha claws you!
You die...

########## #.....(...
.## #[........
....##########..†......
............h.5........
#####.5h#####.........
###@## #.........
#..####.........
##...###########
#########......####
#.....########....#####
#......................
#....†##############.##
#.....# #... ####..#
####...


You could see Natasha and a white imp (summoned).

Vanquished Creatures
  An ooze (D:1)
  3 worms (D:2)
  2 dart slugs
  A leopard gecko (D:1)
  2 bats
  A giant cockroach (D:1)
  4 goblins
  3 hobgoblins
  5 jackals
  3 kobolds
  4 frilled lizards
  4 rats
33 creatures vanquished.

Notes
Turn   | Place    | Note
-------+----------+-------------------------------------------
     0 | D:1      | MrRokkomies the Gnoll Wanderer began the quest for the Orb.
     0 | D:1      | MrRokkomies set off with the following items: a +0 spear, 3
                  | throwing nets, a +0 ring mail, a +0 leather armour, a +0
                  | dagger
     0 | D:1      | Reached XP level 1. HP: 13/13 MP: 1/1
   217 | D:1      | Reached XP level 2. HP: 19/19 MP: 2/2
   820 | D:1      | Reached XP level 3. HP: 20/25 MP: 3/3
  1098 | D:2      | Reached skill level 6 in Stealth
  1170 | D:2      | Reached skill level 1 in Invocations
  1441 | D:2      | Noticed Natasha
  1455 | D:2      | Reached skill level 1 in Fighting
  1455 | D:2      | Reached skill level 1 in Short Blades
  1455 | D:2      | Reached skill level 1 in Long Blades
  1455 | D:2      | Reached skill level 1 in Axes
  1455 | D:2      | Reached skill level 1 in Maces & Flails
  1455 | D:2      | Reached skill level 1 in Staves
  1455 | D:2      | Reached skill level 1 in Slings
  1455 | D:2      | Reached skill level 1 in Crossbows
  1455 | D:2      | Reached skill level 1 in Throwing
  1455 | D:2      | Reached skill level 1 in Shields
  1455 | D:2      | Reached skill level 1 in Unarmed Combat
  1455 | D:2      | Reached skill level 1 in Spellcasting
  1455 | D:2      | Reached skill level 1 in Evocations
  1478 | D:2      | Slain by Natasha

Illustrated notes

Levels and vault maps discovered:
D:1:      lemuel_arrival_lava_pool, layout_basic
D:2:      layout_rooms, kennysheep_generic_room_7, uniq_natasha

Skill      XL: |  1  2  3 |
---------------+----------+-----
Stealth        | 6 |  6.0
Invocations    | 1 |  1.0
Fighting       | 1 |  1.0
Short Blades   | 1 |  1.0
Long Blades    | 1 |  1.0
Axes           | 1 |  1.0
Maces & Flails | 1 |  1.0
Staves         | 1 |  1.0
Slings         | 1 |  1.0
Crossbows      | 1 |  1.0
Throwing       | 1 |  1.0
Shields        | 1 |  1.0
Unarmed Combat | 1 |  1.0
Spellcasting   | 1 |  1.0
Evocations     | 1 |  1.0
Polearms       | |  4.6
Bows           | |  4.6
Armour         | |  2.6
Dodging        | |  4.6
Conjurations   | |  0.7
Hexes          | |  0.7
Summonings     | |  0.7
Necromancy     | |  0.7
Translocations | |  0.7
Transmutations | |  0.7
Fire Magic     | |  0.7
Ice Magic      | |  0.7
Air Magic      | |  0.7
Earth Magic    | |  0.7
Poison Magic   | |  0.7

Action                   || total
-------------------------++-------
Melee: Spear             ||   145
       Bite              ||     5
       Punch             ||     2
Throw: Stone             ||     5
  Use: Scroll            ||     4
 Stab: Sleeping          ||    12
       Distracted        ||     1
Armor: Ring mail         ||    23
Dodge: Dodged            ||    56

Table legend: (Time is in decaauts)
 A = Elapsed time spent in this place.
 B = Non-inter-level travel time spent in this place.
 C = Inter-level travel time spent in this place.
 D = Time resting spent in this place.
 E = Time spent auto-exploring this place.
 F = Levels seen in this place.
 G = Mean time per level.
                   A        B        C        D        E       F      G
               +--------+--------+--------+--------+--------+-----+--------+
         Total |   1459 |   1399 |     60 |      1 |   1126 |   2 |  729.5 |
       Dungeon |   1459 |   1399 |     60 |      1 |   1126 |   2 |  729.5 |
               +--------+--------+--------+--------+--------+-----+--------+

Top non-repeatable levels by time:
     D:1: 1059 daAuts
     D:2: 399 daAuts
